 Dungeon Crawl Stone Soup version 0.23-a0-550-g7de1f8e (console) character file.

526353 Duffy the Warrior (level 26, 232/232 HPs)
             Began as a Naga Fighter on Dec 9, 2018.
             Was the Champion of Cheibriados.
             Quit the game on level 10 of the Dungeon.
             The game lasted 01:15:25 (55286 turns).

Duffy the Warrior (Naga Fighter)                   Turns: 55286, Time: 01:15:25

Health: 232/232    AC: 52    Str: 44    XL:     26   Next: 6%
Magic:  33/33      EV: 15    Int: 26    God:    Cheibriados [******]
Gold:   3647       SH: 37    Dex: 30    Spells: 32/35 levels left

rFire    + . .     SeeInvis +   a - +7 broad axe (elec)
rCold    + + .     Gourm    .   I - +6 large shield "Miosin" {Stlth+}
rNeg     . . .     Faith    .   x - +5 gold dragon scales
rPois    +         Spirit   .   o - +1 helmet {Int+3}
rElec    +         Reflect  +   A - +2 cloak {MR+}
rCorr    +         Harm     .   F - +2 pair of gloves
MR       ++++.                  j - +0 naga barding {rC+}
Stlth    ..........             q - +5 amulet of reflection
HPRegen  0.48/turn              c - ring of Osegap {rCorr rElec Str+2}
MPRegen  0.23/turn              Z - +6 ring of protection

@: very slow
A: large, see invisible, deformed body, frail 1, poison resistance, screaming 1,
slowness 2, slow metabolism 1, spit poison 1, constrict 1, AC +8
}: 2/15 runes: serpentine, silver
a: Spit Poison, Bend Time, Temporal Distortion, Slouch, Step From Time, Renounce
Religion


You were on level 10 of the Dungeon.
You worshipped Cheibriados.
Cheibriados was exalted by your worship.
You were not hungry.

You visited 8 branches of the dungeon, and saw 41 of its levels.

You collected 4873 gold pieces.
You spent 1226 gold pieces at shops.

Inventory:

Hand Weapons
 a - a +7 broad axe of electrocution (weapon)
 b - a +1 broad axe of flaming
 G - the +3 flail "Tydop" {drain, -Tele Dex+6}
   (You found it on level 8 of the Dungeon)

   A truly terrible weapon, it drains the life of those it strikes.
   It affects your dexterity (+6).
   It prevents most forms of teleportation.
Missiles
 V - 8 throwing nets (quivered)
Armour
 j - a +0 naga barding of cold resistance (worn)
 o - a +1 helmet of intelligence (worn)
 x - +5 gold dragon scales (worn)
 A - a +2 cloak of magic resistance (worn)
 F - a +2 pair of gloves (worn)
 I - the +6 large shield "Miosin" (worn) {Stlth+}
   (You took it off a deep elf annihilator on level 3 of the Elven Halls)

   It makes you more stealthy.
 Y - the +0 Maxwell's etheric cage {RegenMP+ *Contam rElec MP+4}
   (You found it on level 5 of the Vaults)

   It insulates you from electricity.
   It affects your magic capacity (+4).
   It causes magical contamination when unequipped.
Jewellery
 c - the ring of Osegap (left hand) {rCorr rElec Str+2}
   (You bought it in a shop on level 2 of the Elven Halls)

   [ring of resist corrosion]

   It affects your strength (+2).
   It insulates you from electricity.
 n - the ring of Compassion {rElec rPois MR+ Dex-2}
   (You took it off a deep elf mage on level 3 of the Elven Halls)

   [ring of dexterity]

   It affects your dexterity (-2).
   It insulates you from electricity.
   It protects you from poison.
   It affects your resistance to hostile enchantments.
 q - a +5 amulet of reflection (around neck)
 w - an uncursed ring of positive energy
 H - an uncursed ring of protection from fire
 M - the ring "Soletin" {+Blink MP+9 SInv}
   (You bought it in a shop on level 8 of the Dungeon)

   [ring of magical power]

   It affects your magic capacity (+9).
   It lets you see invisible.
   It lets you blink.
 Z - a +6 ring of protection (right hand)
Wands
 l - a wand of iceblast (37)
 p - a wand of scattershot (4)
 C - a wand of digging (17)
 K - a wand of acid (32)
Scrolls
 e - 23 scrolls of remove curse
 g - 7 scrolls of magic mapping
 i - 16 scrolls of teleportation
 t - 7 scrolls of fear
 v - 8 scrolls of blinking
 y - 9 scrolls of immolation
 B - 5 scrolls of fog
 D - 2 scrolls of vulnerability
 L - 5 scrolls of silence
 R - 24 scrolls of identify
 X - 2 scrolls of summoning
Potions
 d - 7 potions of might
 h - 5 potions of resistance
 k - 7 potions of curing
 m - 7 potions of mutation
 r - 5 potions of ambrosia
 z - 9 potions of magic
 N - 7 potions of heal wounds
 O - 2 potions of agility
 P - 3 potions of invisibility
 Q - 4 potions of flight
 W - 7 potions of cancellation
Miscellaneous
 S - 2 sacks of spiders
 U - 2 boxes of beasts
Comestibles
 f - 46 rations


   Skills:
 + Level 19.2 Fighting
 - Level 18.0 Axes
 + Level 17.4 Armour
 + Level 12.6 Dodging
 - Level 15.0 Shields
 - Level 5.0 Spellcasting
 - Level 10.0 Charms
 - Level 10.0 Necromancy
 - Level 14.0 Invocations
 - Level 10.0 Evocations


You had 32 spell levels left.
You knew the following spells:

 Your Spells              Type           Power        Failure   Level  Hunger
h - Regeneration          Chrm/Necr      ######....   2%          3    #......

Your spell library contained the following spells:

 Spells                   Type           Power        Failure   Level  Hunger
 Animate Skeleton         Necr           N/A          1%          1    None
 Pain                     Necr           ####         1%          1    None
 Corpse Rot               Necr           N/A          1%          2    None
 Sublimation of Blood     Necr           ######....   1%          2    None
 Vampiric Draining        Necr           ######....   2%          3    #......
 Animate Dead             Necr           N/A          8%          4    ###....
 Swiftness                Chrm/Air       ####....     9%          2    None
 Ozocubu's Armour         Chrm/Ice       ####....     17%         3    #......
 Agony                    Necr           ######..     21%         5    #####..
 Dispel Undead            Necr           ######..     21%         5    #####..
 Excruciating Wounds      Chrm/Necr      ######....   21%         5    #####..
 Beastly Appendage        Tmut           #.....       41%         1    None
 Flame Tongue             Conj/Fire      #....        41%         1    None
 Freeze                   Ice            #...         41%         1    None
 Magic Dart               Conj           #...         41%         1    None
 Sandblast                Erth           #.....       41%         1    None
 Sting                    Conj/Pois      #...         41%         1    None
 Blink                    Tloc           N/A          56%         2    None
 Call Imp                 Summ           #.......     56%         2    None
 Ensorcelled Hibernation  Hex/Ice        #.....       56%         2    None
 Poisonous Vapours        Pois/Air       #.....       56%         2    None
 Searing Ray              Conj           #.....       56%         2    None
 Slow                     Hex            #.......     56%         2    None
 Sticks to Snakes         Tmut           #.......     56%         2    None
 Throw Flame              Conj/Fire      #.....       56%         2    None
 Throw Frost              Conj/Ice       #.....       56%         2    None
 Conjure Flame            Conj/Fire      #.......     80%         3    #......
 Dazzling Spray           Conj/Hex       #.....       80%         3    #......
 Ignite Poison            Fire/Tmut/Pois #.......     80%         3    #......
 Inner Flame              Hex/Fire       #.......     80%         3    #......
 Mephitic Cloud           Conj/Pois/Air  #.......     80%         3    #......
 Recall                   Summ/Tloc      N/A          80%         3    #......
 Spider Form              Tmut/Pois      #.........   80%         3    #......
 Stone Arrow              Conj/Erth      #.....       80%         3    #......
 Bolt of Draining         Conj/Necr      ####......   85%         5    #####..
 Iskenderun's Battlesphe  Conj/Chrm      ####....     85%         5    #####..
 Airstrike                Air            #.........   99%         4    ###....
 Cause Fear               Hex            #.........   99%         4    ###....
 Force Lance              Conj/Tloc      #.......     99%         4    ###....
 Fulminant Prism          Conj/Hex       #.........   99%         4    ###....
 Ice Form                 Ice/Tmut       #.......     99%         4    ###....
 Iskenderun's Mystic Bla  Conj           #.......     99%         4    ###....
 Leda's Liquefaction      Hex/Erth       #.........   99%         4    ###....
 Olgreb's Toxic Radiance  Pois           #.......     99%         4    ###....
 Petrify                  Tmut/Erth      #.......     99%         4    ###....
 Sticky Flame             Conj/Fire      #.......     99%         4    ###....
 Summon Ice Beast         Ice/Summ       #.......     99%         4    ###....
 Summon Lightning Spire   Summ/Air       #.......     99%         4    ###....
 Throw Icicle             Conj/Ice       #.......     99%         4    ###....
 Alistair's Intoxication  Tmut/Pois      #.......     100%        5    #####..
 Aura of Abjuration       Summ           #.........   100%        5    #####..
 Blade Hands              Tmut           #.........   100%        5    #####..
 Bolt of Magma            Conj/Fire/Erth #.........   100%        5    #####..
 Fireball                 Conj/Fire      #.........   100%        5    #####..
 Irradiate                Conj/Tmut      #.........   100%        5    #####..
 Metabolic Englaciation   Hex/Ice        #.........   100%        5    #####..
 Silence                  Hex/Air        #.........   100%        5    #####..
 Summon Demon             Summ           #.........   100%        5    #####..
 Summon Forest            Summ/Tloc      #.........   100%        5    #####..
 Summon Mana Viper        Hex/Summ       #.......     100%        5    #####..
 Venom Bolt               Conj/Pois      #.........   100%        5    #####..
 Yara's Violent Unravell  Hex/Tmut       #.........   100%        5    #####..
 Bolt of Cold             Conj/Ice       #.........   100%        6    ######.
 Bolt of Fire             Conj/Fire      #.........   100%        6    ######.
 Conjure Ball Lightning   Conj/Air       #.........   100%        6    ######.
 Deflect Missiles         Chrm/Air       ####......   100%        6    ######.
 Freezing Cloud           Conj/Ice/Air   #.........   100%        6    ######.
 Hydra Form               Tmut           #.........   100%        6    ######.
 Iron Shot                Conj/Erth      #.........   100%        6    ######.
 Ozocubu's Refrigeration  Ice            #.........   100%        6    ######.
 Shadow Creatures         Summ           N/A          100%        6    ######.
 Simulacrum               Ice/Necr       ####......   100%        6    ######.
 Statue Form              Tmut/Erth      #........    100%        6    ######.
 Dragon Form              Tmut           #.........   100%        7    #######
 Haunt                    Necr/Summ      ####......   100%        7    #######
 Orb of Destruction       Conj           #.........   100%        7    #######
 Spellforged Servitor     Conj/Summ      #.........   100%        7    #######
 Summon Hydra             Summ           #.........   100%        7    #######
 Borgnjor's Revivificati  Necr           ######....   100%        8    #######
 Death's Door             Chrm/Necr      ######....   100%        8    #######
 Discord                  Hex            #.........   100%        8    #######
 Infestation              Necr           ######....   100%        8    #######
 Necromutation            Tmut/Necr      ####......   100%        8    #######
 Tornado                  Air            #.........   100%        9    #######


Dungeon Overview and Level Annotations

Branches:
Dungeon (15/15)            Temple (1/1) D:4            Lair (6/6) D:8
 Shoals (0/4) Lair:3        Snake (4/4) Lair:4        Slime (0/5) Lair:6
    Orc (2/2) D:10            Elf (3/3) Orc:2        Vaults (5/5) D:13
  Crypt (0/3) Vaults:3     Depths (5/5) D:15            Zot (0/5) Depths:5

Altars:
Ashenzari
Cheibriados
Dithmenos
Elyvilon
Fedhas
Gozag
Hepliaklqana
Kikubaaqudgha
Makhleb
Nemelex Xobeh
Okawaru
Qazlal
Ru
Sif Muna
Trog
Uskayaw
Vehumet
Wu Jian
Xom
Yredelemnul
Zin
The Shining One
Beogh
Jiyva

Shops:
D:8 *   D:9 !   D:14 =   Orc:2 !:==   Elf:2 =   Elf:3 %

Portals:
Hell: Depths:1 Depths:2 Depths:3 Depths:4 Depths:5
Abyss: Depths:2 Depths:4 Depths:5
Pandemonium: Depths:3 Depths:5
Ziggurat: Depths:5
Trove: Vaults:4 (give 2 scrolls of acquirement)

Annotations:
Snake:2 exclusion: Roxanne, Roxanne


Innate Abilities, Weirdness & Mutations

You cannot wear boots.
Your serpentine skin is tough. (AC +8)
You have supernaturally acute eyesight. (SInv)
Armour fits poorly on your strangely shaped body.
Your system is resistant to poisons. (rPois)
You cover ground very slowly.
You have a slow metabolism.
You can spit poison.
You can use your snake-like lower body to constrict enemies.
You are frail. (-10% HP)
You occasionally shout uncontrollably at your foes.


Message History

There is a stone staircase leading down here.
There is a stone staircase leading up here.
You climb upwards.
There is a stone staircase leading down here.
There is an open door here.
There is an open door, spattered with blood here.
Things that are here:
a +0 leather armour; a +0 dagger; a +0 hand axe You see here a +0 whip.
You see here a +0 short sword.
There is an open door here.
You see here a cursed -2 dagger.
There is a stone staircase leading up here.
You climb upwards.
There is a stone staircase leading down here.
Key pressed, stopping travel.
Are you sure you want to abandon this character and quit the game? (Confirm
Okay, then.
Unknown command.
Are you sure you want to abandon this character and quit the game? (Confirm

.~~###..[.....).........##~~..(.###
.~~#>........[8...........[[....###
.~~###.......[).........##~~....(..
.~~#)~.......)..........#.~~.......
.~~#####################'.~~.######
.~~~~~~~~~~~~~~~~~~~~~~~~~8~.#
.~~~~~~~~~~~~~~~~~~~~~~~~~~8.######
...................................
...............>.@.................
####...............................
####..############...........######
......############.................
...................................
##...........<..........#####......
#............#######...# #...###
#..(.........# #...# #...#
#............# #...# #...#


There were no monsters in sight!

Vanquished Creatures
  A juggernaut (Depths:2)
  2 ancient liches (Vaults:5)
  Mara (Vaults:4)
  Vashnia (Snake:3)
  Frederick (Vaults:4)
  2 caustic shrikes
  A golden dragon (Vaults:5)
  Xtahua (Vaults:4)
  A bone dragon (Depths:5)
  the Enchantress (Depths:2)
  Jory (Vaults:2)
  The ghost of Cuqew the Executioner, an adept DsBe of Trog (Vaults:2)
  5 liches
  4 tentacled monstrosities
  5 titans
  3 quicksilver dragons
  A deep elf master archer (Elf:3)
  A deep elf blademaster (Elf:3)
  8 sphinxes
  8 tengu reavers
  Agnes (Snake:4)
  Donald (Elf:2)
  10 storm dragons
  4 shadow dragons (Vaults:5)
  An iron dragon (Vaults:5)
  7 frost giants
  11 nagarajas
  A draconian knight (Depths:5)
  The ghost of Veumoedo the Fencer, a journeyman DgGl (Snake:2)
  14 vault wardens
  9 fire giants
  10 deep elf sorcerers
  Louise (Depths:4)
  A balrug (Depths:4)
  14 ironheart preservers
  3 deep elf elementalists (Elf:3)
  A draconian shifter (Depths:5)
  An entropy weaver (Vaults:2)
  26 stone giants
  24 very ugly things
  A stone giant (shapeshifter) (Vaults:5)
  3 spriggan defenders (Depths:2)
  The ghost of feelmyfire the Brawler, a journeyman TrWr of Ru (Lair:5)
  2 green draconians (Depths:5)
  3 war gargoyles
  2 vampire knights
  5 deep elf demonologists
  12 deep elf annihilators
  2 red draconians (Depths:5)
  11 spark wasps
  A crystal guardian (Vaults:4)
  A green death (Depths:5)
  8 deep elf death magi
  15 ettins
  2 merfolk javelineers (Depths:5)
  10 fire dragons
  6 rakshasas
  12 naga warriors
  8 deep elf high priests
  17 yaktaur captains
  4 great orbs of eyes
  A quicksilver dragon skeleton (Depths:4)
  15 ice dragons
  30 vault guards
  An anaconda (shapeshifter) (Vaults:5)
  4 hydras
  A catoblepas (Lair:3)
  5 spriggan air magi
  10 anacondas
  8 centaur warriors
  9 tengu warriors
  31 dancing weapons
  5 death knights
  11 ogre magi
  8 deep troll shamans
  27 two-headed ogres
  6 death yaks (Lair:6)
  2 vampire magi
  9 deep troll earth magi
  17 naga sharpshooters
  An orc high priest (Orc:2)
  6 shock serpents
  Nergalle (Lair:4)
  Urug (D:9)
  5 spriggan berserkers
  28 deep elf knights
  13 hell knights
  2 sun demons (Depths:4)
  A fire crab (shapeshifter) (Depths:4)
  6 skeletal warriors
  3 iron trolls
  3 shadow wraiths
  2 unseen horrors
  3 glowing orange brains
  A torturous demonspawn (Depths:5)
  28 deep trolls
  3 salamander mystics (Snake:3)
  A gelid demonspawn (Depths:5)
  4 flayed ghosts
  12 ironbrand convokers
  8 wizards
  11 deep elf archers
  6 phantasmal warriors
  A lindwurm (Lair:5)
  13 naga ritualists
  5 necromancers
  10 orc knights
  7 harpies
  6 orc sorcerers
  62 deep elf magi
  36 ugly things
  A salamander (shapeshifter) (Vaults:5)
  3 manticores
  A tengu skeleton (Depths:4)
  2 cyclopes (D:12)
  19 salamanders
  9 mana vipers
  14 elephants
  2 guardian serpents
  A rust devil (Depths:2)
  12 vault sentinels
  2 molten gargoyles (Lair:3)
  A frost giant skeleton (Vaults:3)
  2 gargoyles
  A storm dragon simulacrum (Vaults:4)
  An ice statue (D:15)
  A spiny frog (shapeshifter) (Vaults:2)
  28 naga magi
  3 torpor snails
  A guardian serpent (shapeshifter) (Vaults:1)
  31 black mambas
  16 spiny frogs
  A kobold demonologist (D:12)
  A komodo dragon (Lair:2)
  A yaktaur (shapeshifter) (Vaults:5)
  7 rime drakes
  An ice devil (Depths:5)
  6 freezing wraiths
  A small abomination (Elf:3)
  A human skeleton (Vaults:4)
  42 yaktaurs
  A queen bee (shapeshifter) (Depths:2)
  7 tengu conjurers
  5 trolls
  2 yaktaur skeletons (Vaults:4)
  2 tengu simulacra
  A polar bear (Lair:4)
  6 meliai
  4 tyrant leeches (Lair:6)
  6 hornets
  22 blink frogs
  A hippogriff (shapeshifter) (Vaults:5)
  18 dream sheep
  5 hippogriffs
  26 slime creatures
  A snapping turtle (Lair:3)
  16 water elementals
  An air elemental (Elf:2)
  4 redbacks (Vaults:2)
  A redback (shapeshifter) (Vaults:5)
  3 tarantellas (shapeshifter)
  A spriggan (shapeshifter) (Vaults:4)
  5 spriggans (Depths:2)
  5 vampires
  7 wyverns
  Eustachio (D:5)
  A basilisk (shapeshifter) (Depths:4)
  3 fire elementals
  35 yaks
  Grum (Lair:1)
  5 basilisks
  A yaktaur simulacrum (Vaults:2)
  2 death yak simulacra (Lair:5)
  A neqoxec (Depths:5)
  7 wargs
  3 hungry ghosts
  6 vampire mosquitoes (Lair:6)
  A naga (shapeshifter) (Vaults:5)
  3 acid dragons
  6 swamp worms (Lair:1)
  4 soldier ants
  41 nagas
  Duvessa (D:4)
  26 water moccasins
  2 porcupines
  35 orc warriors
  A hornet zombie (D:14)
  3 ice beasts
  A phantom (D:10)
  2 black bears
  A human zombie (Vaults:3)
  A black mamba simulacrum (Lair:5)
  2 necrophages
  5 sky beasts
  21 wolves
  41 ogres
  24 centaurs
  13 crocodiles
  A big kobold (shapeshifter) (Vaults:3)
  5 big kobolds
  A gnoll sergeant (D:6)
  24 bullfrogs
  2 earth elementals (Elf:1)
  3 wyvern zombies
  2 spiny frog simulacra (Lair:5)
  Dowan (D:4)
  4 scorpions
  11 killer bees (D:10)
  8 wights (D:7)
  3 howler monkeys
  3 electric eels
  2 crimson imps
  4 bullfrog zombies
  5 quasits
  2 komodo dragon simulacra (Lair:5)
  6 lava snakes
  2 centaur zombies (D:10)
  6 centaur skeletons
  2 hounds
  40 orc wizards
  30 orc priests
  2 bullfrog skeletons
  4 iguanas
  8 jellies
  Natasha (thrice) (D:4)
  18 worker ants
  A hound zombie (D:7)
  A hound skeleton (D:5)
  Robin (D:4)
  A howler monkey skeleton (D:10)
  15 adders
  4 gnolls (D:6)
  A shadow imp (D:10)
  An ooze (D:2)
  An adder zombie (D:6)
  2 adder skeletons
  4 worms
  3 dart slugs
  9 leopard geckos
  108 orcs
  3 giant cockroaches
  13 hobgoblins
  13 jackals
  4 quokkas
  A ball python (D:5)
  9 bats
  A frilled lizard (D:2)
  22 goblins
  A jackal skeleton (D:5)
  17 kobolds
  2 leopard gecko skeletons (D:4)
  A leopard gecko zombie (D:7)
  7 rats
  2 bushes (Lair:5)
  2 crawling corpses (Elf:3)
  3 fungi
  6 plants
1928 creatures vanquished.

Vanquished Creatures (others)
  A fire giant (Depths:4)
  2 stone giants
  6 yaktaur captains
  A tengu warrior (Depths:2)
  A centaur warrior (Depths:3)
  A fire crab (shapeshifter) (Vaults:3)
  A shadow wraith (Vaults:1)
  A deep elf archer (Vaults:5)
  A necromancer (Depths:3)
  A deep elf mage (Vaults:5)
  17 yaktaurs
  An orc warrior (Orc:2)
  2 centaurs (Depths:1)
  6 fungi
  22 plants
64 creatures vanquished.

Grand Total: 1992 creatures vanquished

Notes
Turn   | Place    | Note
-------+----------+-------------------------------------------
     0 | D:1      | Duffy the Naga Fighter began the quest for the Orb.
     0 | D:1      | Reached XP level 1. HP: 21/21 MP: 1/1
   387 | D:1      | Reached XP level 2. HP: 26/28 MP: 2/2
   772 | D:1      | Reached XP level 3. HP: 31/34 MP: 3/3
  1523 | D:2      | Noticed an ogre
  1533 | D:2      | Killed an ogre
  1533 | D:2      | Reached XP level 4. HP: 9/42 MP: 4/4
  1533 | D:2      | Reached XP level 5. HP: 11/49 MP: 5/5
  1792 | D:2      | Found a shattered altar of Ashenzari.
  3319 | D:2      | Reached XP level 6. HP: 31/56 MP: 6/6
  4375 | D:4      | Reached skill level 5 in Axes
  4481 | D:4      | Found a staircase to the Ecumenical Temple.
  4489 | Temple   | Entered the Ecumenical Temple
  4680 | Temple   | Became a worshipper of Cheibriados the Contemplative
  4709 | D:4      | Reached XP level 7. HP: 60/62 MP: 7/7
  4794 | D:4      | Noticed Natasha
  4800 | D:4      | Killed Natasha
  4858 | D:4      | Noticed Natasha
  4867 | D:4      | Killed Natasha
  4867 | D:4      | Reached skill level 5 in Shields
  5024 | D:4      | Noticed Robin
  5052 | D:4      | Reached * piety under Cheibriados
  5062 | D:4      | Killed Robin
  5504 | D:4      | Reached XP level 8. HP: 47/69 MP: 8/8
  5685 | D:4      | Noticed Duvessa
  5701 | D:4      | Killed Duvessa
  5715 | D:4      | Noticed Dowan
  5734 | D:4      | Killed Dowan
  5965 | D:4      | Found a blossoming altar of Fedhas.
  6085 | D:4      | Noticed Natasha
  6092 | D:4      | Killed Natasha
  6595 | D:5      | Entered Level 5 of the Dungeon
  6602 | D:5      | Found a deep blue altar of Sif Muna.
  6608 | D:5      | Noticed Eustachio
  6628 | D:5      | Killed Eustachio
  6728 | D:5      | Reached ** piety under Cheibriados
  6917 | D:5      | Noticed a hippogriff
  6932 | D:5      | Killed a hippogriff
  7344 | D:5      | Got a faintly humming ring mail
  7355 | D:5      | Identified the +5 ring mail of Sevvuim {*Drain Str+2 Int+4}
                  | (You found it on level 5 of the Dungeon)
  7533 | D:5      | Reached XP level 9. HP: 75/75 MP: 9/9
  7712 | D:5      | Found a burning altar of Makhleb.
  9108 | D:6      | Reached *** piety under Cheibriados
  9586 | D:7      | Reached **** piety under Cheibriados
  9875 | D:7      | Reached skill level 1 in Invocations
 10101 | D:8      | Got an ichor-stained flail
 10178 | D:8      | Reached skill level 4 in Fighting
 10191 | D:8      | Reached XP level 10. HP: 15/86 MP: 11/11
 10204 | D:8      | Paralysed by fainting for 6 turns
 10622 | D:8      | Reached ***** piety under Cheibriados
 10854 | D:8      | Found Xiron's Assorted Antiques.
 10890 | D:8      | Bought a puce potion for 26 gold pieces
 10890 | D:8      | Bought a brightly glowing brass ring for 145 gold pieces
 10890 | D:8      | Identified the ring "Soletin" {+Blink MP+9 SInv} (You
                  | bought it in a shop on level 8 of the Dungeon)
 10970 | D:8      | Reached skill level 5 in Fighting
 10976 | D:8      | Identified the cursed +3 flail "Tydop" {drain, -Tele Dex+6}
                  | (You found it on level 8 of the Dungeon)
 11168 | D:8      | Found an opulent altar of Gozag.
 11212 | D:8      | Bought a scroll of identify for 58 gold pieces
 11395 | D:9      | Found Mynkahu's Distillery.
 11404 | D:9      | Bought a potion of heal wounds for 55 gold pieces
 11404 | D:9      | Bought a potion of agility for 44 gold pieces
 11404 | D:9      | Bought a potion of invisibility for 88 gold pieces
 11404 | D:9      | Bought a potion of flight for 33 gold pieces
 11488 | D:9      | Found an ancient bone altar of Kikubaaqudgha.
 11502 | D:9      | Found a stormy altar of Qazlal.
 12123 | D:10     | Entered Level 10 of the Dungeon
 12123 | D:10     | Noticed Urug
 12274 | D:9      | Killed Urug
 12274 | D:9      | Reached skill level 5 in Invocations
 12378 | D:10     | Noticed an unseen horror
 12411 | D:10     | Killed an unseen horror
 12411 | D:10     | Reached skill level 6 in Fighting
 12411 | D:10     | Reached skill level 10 in Axes
 12606 | D:10     | Reached XP level 11. HP: 99/99 MP: 15/15
 12613 | D:10     | Found the +9 staff of Olgreb {rPois}
 12778 | D:10     | Found a runed door.
 12783 | D:10     | Found a runed gate.
 12784 | D:10     | Found a runed door.
 12796 | D:10     | Found a runed gate.
 12796 | D:10     | Found a runed gate.
 12870 | D:10     | Found the +4 skin of Zhor {rC+++}
 13112 | D:10     | Noticed a green ugly thing
 13117 | D:10     | Killed a green ugly thing
 13117 | D:10     | Reached skill level 7 in Fighting
 13198 | D:10     | Noticed a two-headed hydra
 13204 | D:10     | Killed a one-headed hydra
 13445 | D:10     | Reached ****** piety under Cheibriados
 13629 | D:10     | Reached skill level 1 in Evocations
 13720 | D:10     | Found a staircase to the Orcish Mines.
 14576 | D:11     | Reached skill level 8 in Fighting
 14655 | D:11     | Found a roughly hewn altar of Beogh.
 14655 | D:11     | Noticed an orc knight
 14665 | D:11     | Killed an orc knight
 14870 | D:11     | Found a stormy altar of Qazlal.
 14888 | D:11     | Noticed a two-headed ogre
 14897 | D:11     | Killed a two-headed ogre
 15425 | D:11     | Noticed an orc knight
 15442 | D:11     | Killed an orc knight
 15442 | D:11     | Reached XP level 12. HP: 93/112 MP: 18/18
 15456 | D:11     | Found a roughly hewn altar of Beogh.
 15826 | D:8      | Found a staircase to the Lair.
 15888 | Lair:1   | Entered Level 1 of the Lair of Beasts
 15985 | Lair:1   | Noticed Grum
 15988 | Lair:1   | Reached skill level 9 in Fighting
 15998 | Lair:1   | Killed Grum
 16097 | Lair:1   | Reached skill level 5 in Evocations
 16458 | Lair:1   | Found the +8 whip "Snakebite" {curare, rPois}
 17291 | Lair:2   | Reached skill level 10 in Fighting
 17471 | Lair:2   | Reached skill level 1 in Dodging
 18153 | Lair:3   | Noticed a catoblepas
 18169 | Lair:3   | Killed a catoblepas
 18838 | Lair:3   | Found a staircase to the Shoals.
 18937 | Lair:3   | Gained mutation: You can use your snake-like lower body to
                  | constrict enemies. [Naga growth]
 18937 | Lair:3   | Reached XP level 13. HP: 115/123 MP: 19/19
 19940 | Lair:4   | Reached skill level 5 in Armour
 20317 | Lair:4   | Noticed Nergalle
 20325 | Lair:4   | Killed Nergalle
 20449 | Lair:4   | Found a staircase to the Snake Pit.
 20896 | Lair:5   | Found a runed gate.
 20896 | Lair:5   | Found a runed gate.
 20897 | Lair:5   | Found a runed gate.
 20946 | Lair:5   | Noticed feelmyfire's ghost (journeyman TrWr)
 21001 | Lair:5   | Reached skill level 5 in Dodging
 21891 | Lair:6   | Entered Level 6 of the Lair of Beasts
 21900 | Lair:6   | Reached XP level 14. HP: 130/132 MP: 20/20
 22165 | Lair:6   | Found a viscous altar of Jiyva.
 22165 | Lair:6   | Found a staircase to the Slime Pits.
 23381 | Orc:1    | Entered Level 1 of the Orcish Mines
 23694 | Orc:1    | Found a roughly hewn altar of Beogh.
 23902 | Orc:2    | Entered Level 2 of the Orcish Mines
 23902 | Orc:2    | Found a staircase to the Elven Halls.
 24174 | Orc:2    | Gained mutation: You are frail. (-10% HP) [a neqoxec]
 24181 | Orc:2    | Found Wel Walub's Book Shop.
 24181 | Orc:2    | Found Warorrum's Jewellery Boutique.
 24181 | Orc:2    | Found Oqur's Jewellery Boutique.
 24314 | Orc:2    | Found Raocvian's Distillery.
 24490 | Orc:2    | Reached XP level 15. HP: 124/124 MP: 21/21
 24830 | Orc:2    | Bought a cursed amulet of inaccuracy for 24 gold pieces
 26262 | D:13     | Found a gate to the Vaults.
 26817 | D:14     | Found Neagyis's Jewellery Shoppe.
 27268 | D:15     | Entered Level 15 of the Dungeon
 27269 | D:15     | Paralysed by a wizard for 6 turns
 27275 | D:15     | Reached skill level 10 in Armour
 27371 | D:15     | Reached skill level 15 in Axes
 27390 | D:15     | Found a staircase to the Depths.
 27573 | D:15     | Identified a scroll of acquirement
 27601 | D:15     | Reached skill level 10 in Dodging
 27601 | D:15     | Reached XP level 16. HP: 98/131 MP: 22/22
 27873 | D:15     | Identified The Foundations of Casting
 28054 | D:15     | Found a shadowy altar of Dithmenos.
 28617 | D:8      | Bought a forked ivory wand for 116 gold pieces
 28617 | D:8      | Bought an embroidered cloak for 217 gold pieces
 28822 | Snake:1  | Entered Level 1 of the Snake Pit
 30125 | Snake:2  | Found a runed gate.
 30125 | Snake:2  | Found a runed gate.
 30125 | Snake:2  | Found a runed gate.
 30126 | Snake:2  | Noticed Veumoedo's ghost (journeyman DgGl)
 30240 | Snake:2  | Killed Veumoedo's ghost
 30292 | Snake:2  | Reached skill level 10 in Invocations
 30369 | Snake:2  | Noticed a nagaraja
 30374 | Snake:2  | Killed a nagaraja
 30495 | Snake:2  | Identified Roxanne's Compendium of Stones
 30495 | Snake:2  | Noticed Roxanne
 30725 | Snake:3  | Reached skill level 11 in Fighting
 30983 | Snake:3  | Noticed a nagaraja
 30990 | Snake:3  | Killed a nagaraja
 31010 | Snake:3  | Reached XP level 17. HP: 103/141 MP: 25/25
 31127 | Snake:3  | Noticed Vashnia
 31154 | Snake:3  | Killed Vashnia
 31605 | Snake:3  | Reached skill level 12 in Fighting
 32005 | Snake:4  | Entered Level 4 of the Snake Pit
 32005 | Snake:4  | Noticed Agnes
 32012 | Snake:4  | Killed Agnes
 32882 | Snake:4  | Reached XP level 18. HP: 144/153 MP: 27/27
 32899 | Snake:4  | Reached skill level 13 in Fighting
 33139 | Snake:4  | Got a serpentine rune of Zot
 33756 | Lair:5   | Killed feelmyfire's ghost
 34143 | Elf:1    | Entered Level 1 of the Elven Halls
 35896 | Elf:2    | Reached skill level 10 in Shields
 35984 | Elf:2    | Found Uxter's Jewellery Shoppe.
 36013 | Elf:2    | Bought the ring of Osegap {rCorr rElec Str+2} for 420 gold
                  | pieces
 36090 | Elf:2    | Found a runed gate.
 36090 | Elf:2    | Found a runed gate.
 36121 | Elf:2    | Found a runed gate.
 36152 | Elf:2    | Noticed Donald
 36171 | Elf:2    | Killed Donald
 36262 | Elf:2    | Reached XP level 19. HP: 160/160 MP: 29/29
 36919 | Elf:3    | Entered Level 3 of the Elven Halls
 37028 | Elf:3    | Found Ehogg's Food Boutique.
 37477 | Elf:3    | Identified the +6 chain mail "Ishriel Muiji" {MP+9 Stlth+}
                  | (You found it on level 3 of the Elven Halls)
 37609 | Elf:3    | Identified the cursed ring of Compassion {rElec rPois MR+
                  | Dex-2}
 37802 | Elf:3    | Noticed a Hell Sentinel
 38380 | Elf:3    | Identified the ring "Ahaogh" {rPois Int+4 Dex+4}
 38382 | Elf:3    | Identified the +6 large shield "Miosin" {Stlth+}
 38538 | Elf:3    | Identified the Volume of Igneous Lightness
 38544 | Elf:3    | Identified the +7 ice dragon scales of Cahogurio {rPois rF-
                  | rC++} (You found it on level 3 of the Elven Halls)
 38993 | Vaults:1 | Entered Level 1 of the Vaults
 39287 | Vaults:1 | Reached XP level 20. HP: 168/168 MP: 30/30
 40049 | Vaults:1 | Reached skill level 15 in Shields
 40476 | Vaults:2 | Found a large runed door.
 40477 | Vaults:2 | Found a large runed door.
 40480 | Vaults:2 | Noticed Cuqew's ghost (adept DsBe)
 40581 | Vaults:2 | Killed Cuqew's ghost
 41182 | Vaults:2 | Reached skill level 10 in Evocations
 41404 | Vaults:2 | Noticed Jory
 41419 | Vaults:2 | Killed Jory
 42067 | Vaults:3 | Reached skill level 14 in Fighting
 42252 | Vaults:3 | Reached XP level 21. HP: 178/178 MP: 31/31
 42385 | Vaults:3 | Found a staircase to the Crypt.
 43166 | Vaults:3 | Identified the Disquisition on Mutagenic Evil
 43595 | Vaults:4 | Reached skill level 15 in Fighting
 43776 | Vaults:4 | Noticed Xtahua
 43783 | Vaults:4 | Killed Xtahua
 44170 | Vaults:4 | Noticed Mara
 44179 | Vaults:4 | Noticed Duffy's illusion
 44506 | Vaults:4 | Noticed Frederick
 44515 | Vaults:4 | Killed Frederick
 44786 | Vaults:4 | Found a portal to a secret trove of treasure.
 44792 | Vaults:4 | Reached XP level 22. HP: 183/189 MP: 32/32
 44849 | Vaults:4 | Killed Mara
 45421 | Vaults:5 | Entered Level 5 of the Vaults
 45458 | Vaults:5 | Noticed an ancient lich
 45460 | Vaults:5 | Reached skill level 16 in Fighting
 45461 | Vaults:5 | Reached skill level 15 in Armour
 45790 | Depths:1 | Entered Level 1 of the Depths
 46402 | Depths:1 | Reached skill level 17 in Fighting
 46589 | Depths:1 | Found a gateway to Hell.
 46611 | Depths:1 | Reached XP level 23. HP: 182/201 MP: 33/33
 47133 | Depths:3 | Found a one-way gate leading to the halls of Pandemonium.
 47141 | Depths:3 | Noticed a caustic shrike
 47146 | Depths:3 | Killed a caustic shrike
 47168 | Depths:4 | Noticed Louise
 47169 | Depths:4 | Found a one-way gate to the infinite horrors of the Abyss.
 47178 | Depths:4 | Killed Louise
 47294 | Depths:5 | Entered Level 5 of the Depths
 47311 | Depths:5 | Found a gateway to a ziggurat.
 47553 | Depths:5 | Learned a level 3 spell: Regeneration
 47699 | Depths:5 | Reached skill level 1 in Charms
 47700 | Depths:5 | Reached skill level 1 in Necromancy
 47713 | Depths:5 | Reached skill level 1 in Spellcasting
 48650 | Depths:5 | Found a gate to the Realm of Zot.
 48795 | Depths:5 | Reached skill level 5 in Charms
 48795 | Depths:5 | Reached skill level 5 in Necromancy
 49065 | Depths:5 | Gained mutation: You occasionally shout uncontrollably at
                  | your foes. [a neqoxec]
 49590 | Depths:4 | Reached XP level 24. HP: 204/212 MP: 33/33
 49878 | Depths:4 | Noticed a caustic shrike
 49890 | Depths:4 | Killed a caustic shrike
 50658 | Depths:3 | Reached skill level 5 in Spellcasting
 51535 | Depths:2 | Identified the +3 faerie dragon scales {+Inv rC+ rN+ rCorr
                  | Stlth-}
 51535 | Depths:2 | Noticed the Enchantress
 51538 | Depths:2 | Killed the Enchantress
 52197 | Depths:2 | Reached skill level 10 in Charms
 52197 | Depths:2 | Reached skill level 10 in Necromancy
 52464 | Depths:2 | Noticed a juggernaut
 52480 | Depths:2 | Killed a juggernaut
 52480 | Depths:2 | Reached skill level 18 in Fighting
 52480 | Depths:2 | Reached XP level 25. HP: 203/219 MP: 32/33
 53735 | Vaults:5 | Noticed an ancient lich
 53745 | Vaults:5 | Killed an ancient lich
 53868 | Vaults:5 | Reached skill level 19 in Fighting
 54017 | Vaults:5 | Killed an ancient lich
 54051 | Vaults:5 | Identified the cursed +1 glaive of Thoughtfulness {flame,
                  | Str+7 SInv}
 54187 | Vaults:5 | Found the +0 Maxwell's etheric cage {RegenMP+ *Contam rElec
                  | MP+4}
 54387 | Vaults:5 | Reached XP level 26. HP: 232/232 MP: 33/33
 54421 | Vaults:5 | Identified the +3 dagger "Xokor" {pain, rElec rF+ Dex+3}
 54758 | Vaults:5 | Identified Sif Muna's Disquisition on Clay and Envenoming
 54794 | Vaults:5 | Got a silver rune of Zot
 54981 | Vaults:5 | Found the +10 Black Knight's horse barding {ponderous,
                  | rPois rN+}
 55286 | D:10     | Quit the game

Vault maps used:
D:1:      dpeg_arrival_water_temple_mockup, hangedman_glass_teeth
D:2:      minmay_spotlight, ashenzari_conservatory_becter
D:3:      minmay_evil_eye, serial_glass, glass_columns_a, glass_columns_c,
          glass_columns_a, glass_columns_c, dk_noncrumbling_3,
          chequers_mini_garden, minmay_fractal_squares_gapless_5
D:4:      overflow_temple_1_default, minmay_temple_entry_statues, uniq_natasha,
          uniq_duvessa, uniq_robin
D:5:      kb_forest_paths, old_standard_altar, first_ration, bloody_makhleb,
          uniq_eustachio
D:8:      marbit_many_paths, erik_lair_dragon, enter_bailey_3, serial_shops,
          nicolae_shop_stone
D:9:      kiku_gazebo_pond_becter, overflow_temple_1_default, serial_shops, shop
D:10:     erik_orc_2, hangedman_ranch, minmay_guarded_unrand_staff_of_olgreb,
          uniq_urug
D:11:     special_room, nicolae_qazlal_style_of_elements
D:12:     minmay_starry_boxes
D:13:     skrybe_vaults_entry_preservation
D:14:     minivault_19, serial_shops, shop
D:15:     grunt_enter_depths_magical_seal, nicolae_dithmenos_shadow_blocks,
          minivault_15, hangedman_decor_push
Temple:   nicolae_temple_elliptical
Lair:1:   minmay_guarded_unrand_snakebite, worms_lemuel, serial_bayou_shore_b,
          uniq_grum
Lair:3:   cheibrodos_magma_flow, minmay_shoals_entry_hut
Lair:4:   dummy_snake_entry, infiniplex_staircase_pool, uniq_nergalle
Lair:5:   gammafunk_ghost_icy, serial_bayou_pond_a
Lair:6:   minmay_lair_end_frog_pond, slime_altar_1
Snake:2:  ebering_ghost_rock_garden, uniq_roxanne
Snake:3:  cheibrodos_snake_lava_hold, nicolae_large_snake_swirl, uniq_vashnia
Snake:4:  snake_pit, uniq_agnes
Orc:1:    basic_altar, library_closet
Orc:2:    st_orc_mages, nooodl_orcs_dogs
Elf:1:    minivault_28, grunt_ministairs_12, grunt_megastairs_2
Elf:2:    serial_shops, nicolae_shop_temple_entry_statues_fountains, uniq_donald
Elf:3:    minmay_elf_hall_curves, serial_shops, nicolae_shop_waterfront
Vaults:1: nicolae_vaults_specimen_jars, vaults_dpeg_doors,
          nicolae_vaults_little_squares_3, ontoclasm_vaults_bender,
          ontoclasm_vaults_spin, vaults_room_stairs_pillars, vaults_room_pools,
          nicolae_vaults_theta, hangedman_vaults_cutoff
Vaults:2: ebering_vaults_ghost_disaster_area, vaults_room_ringed_pool, v_misc_2,
          hangedman_vaults_trim, hangedman_vaults_trim, grunt_vaults_trifunnel,
          ontoclasm_vaults_ligature, hangedman_vaults_nodes,
          vaults_room_large_hall, vaults_dpeg_ring, v_misc_5,
          nicolae_vaults_ring_of_whatevers, nicolae_vaults_angled_halls,
          vaults_room_stairs_pillars, uniq_jory
Vaults:3: ontoclasm_vaults_ring_small, v_misc_11,
          vaults_standard_mumra_enter_the_diamond,
          minmay_crypt_entry_vampire_xt, dpeg_vaults_monster_row,
          ontoclasm_vaults_gallery, vaults_room_boxed,
          nicolae_vaults_little_squares_3, hangedman_vaults_cutoff,
          vaults_room_door_ring, vaults_standard_mumra_lines, vaults_dpeg_hooks,
          vaults_room_stairs_pillars, vaults_room_hallway
Vaults:4: ontoclasm_vaults_misaligned, v_misc_9,
          vaults_standard_mumra_enter_the_diamond, v_misc_3, v_misc_27,
          hangedman_vaults_trim, ontoclasm_vaults_ring_square, st_check,
          vaults_dpeg_cross, vaults_room_pools, v_pattern_5, v_misc_15,
          nicolae_trove_entry_free_sample, uniq_mara, uniq_xtahua,
          uniq_frederick
Depths:1: pf_hell_entry_tar_spiral, nrook_mini_backslash, corexii_corridor_pit,
          chequers_serial_rivers_marsh, minmay_stone_trees_medium,
          minmay_misc_feat_nine_boxes, roderic_roman_lattice,
          hangedman_decor_opposing, kennysheep_generic_room_8
Depths:2: thingy_vault, infiniplex_staircase_diamond, grunt_hell_entry_dis_mu,
          abyss_entry, serial_bayou_shore_b, uniq_enchantress
Depths:3: kennysheep_funnel, pan_entry, pf_coc_iceberg, serial_bayou_pond_a,
          infiniplex_staircase_pillars_1
Depths:4: hangedman_cross_veins, lightli_too_deep,
          nicolae_abyss_entry_one_way_or_another, minmay_staircase_bubble
Depths:5: evilmike_zot_entry_round, enter_ziggurat_a, abyss_entry,
          rand_demon_pan_entry_9, hell_entry, chequers_serial_rivers_micro_c

Skill      XL: |  1  2  3  4  5  6  7  8  9 10 11 12 13 14 15 16 17 18 19 20 21 22 23 24 25 |
---------------+----------------------------------------------------------------------------+-----
Shields        | 3 4 5 7 8 9 11 14 15 | 15.0
Axes           | 3 4 5 6 8 9 10 11 12 14 15 16 17 18 | 18.0
Invocations    | 2 5 8 9 10 12 14 | 14.0
Fighting       | 4 6 8 10 11 12 13 14 15 17 18 19 | 19.2
Evocations     | 3 6 10 | 10.0
Dodging        | 3 6 8 10 12 | 12.6
Armour         | 4 6 8 10 11 12 13 14 15 16 17 | 17.4
Charms         | 5 10 | 10.0
Necromancy     | 5 10 | 10.0
Spellcasting   | 3 5 |  5.0

Action                   |  1- 3 |  4- 6 |  7- 9 | 10-12 | 13-15 | 16-18 | 19-21 | 22-24 | 25-27 || total
-------------------------+-------+-------+-------+-------+-------+-------+-------+-------+-------++-------
Melee: War axe           |    87 |   195 |   472 |   710 |   888 |   901 |  1153 |    80 |       ||  4486
       Hand axe          |       |       |       |     2 |     3 |       |       |       |       ||     5
       Constrict         |       |       |       |       |   216 |   216 |   207 |   148 |    24 ||   811
       Broad axe         |       |       |       |       |       |       |       |   875 |   327 ||  1202
 Cast: Regeneration      |       |       |       |       |       |       |       |    11 |    12 ||    23
Invok: Slouch            |       |       |       |     2 |     8 |     4 |     4 |    11 |     3 ||    32
       Temporal Distorti |       |       |       |       |     2 |     1 |       |       |       ||     3
 Abil: Spit Poison       |     5 |    13 |    15 |     1 |       |       |       |       |       ||    34
Evoke: Wand              |       |       |       |     5 |     3 |     2 |       |       |       ||    10
  Use: Scroll            |       |     2 |     9 |    12 |     8 |     3 |     8 |     5 |     7 ||    54
       Potion            |       |       |     2 |     1 |       |     2 |       |       |     1 ||     6
 Stab: Distracted        |       |       |     1 |       |     2 |       |     1 |       |       ||     4
       Sleeping          |       |       |       |     3 |       |       |       |       |       ||     3
       Confused          |       |       |       |       |       |       |       |     3 |       ||     3
  Eat: Chunk             |     1 |     9 |     8 |    17 |     7 |     9 |    11 |    13 |       ||    75
       Ration            |       |       |     1 |     2 |     5 |     4 |     3 |     2 |     3 ||    20
Armor: Scale mail        |    77 |    84 |    75 |       |       |       |       |       |       ||   236
       Skin              |       |       |     8 |    17 |       |       |       |       |       ||    25
       Ring mail         |       |       |   113 |   254 |   251 |       |       |       |       ||   618
       Crystal plate arm |       |       |       |       |     6 |   485 |   294 |   297 |   106 ||  1188
       Gold dragon scale |       |       |       |       |       |       |       |       |    67 ||    67
Dodge: Dodged            |    36 |    50 |   120 |   212 |   488 |   290 |   192 |   198 |   138 ||  1724
       Deflected         |       |       |       |       |    19 |     5 |       |       |       ||    24
Block: Shield            |    68 |   110 |   281 |   582 |   719 |   562 |       |       |       ||  2322
       Large shield      |       |       |       |       |       |   206 |  1180 |  1269 |   558 ||  3213
       Reflection        |       |       |       |       |       |       |    11 |   116 |    76 ||   203

Table legend:
 A = Non-vault XP
 B = Vault XP
 C = Vault XP percentage of total XP
 D = Non-vault monster count
 E = Vault monster count
 F = Vault count percentage of total count
                 A         B        C        D         E       F
            +---------+---------+-------+---------+---------+-------
      Total |  545837 |  570928 |  51.1 |    1185 |     765 |  39.2
            +---------+---------+-------+---------+---------+-------
        D:1 |      53 |       0 |   0.0 |      27 |       0 |   0.0
        D:2 |     231 |      19 |   7.6 |      26 |       3 |  10.3
        D:3 |     137 |      21 |  13.3 |      20 |      10 |  33.3
        D:4 |     822 |     297 |  26.5 |      22 |      16 |  42.1
        D:5 |     312 |     513 |  62.2 |      10 |       5 |  33.3
        D:6 |     855 |       0 |   0.0 |      26 |       0 |   0.0
        D:7 |     997 |       0 |   0.0 |      34 |       0 |   0.0
        D:8 |    1368 |    1211 |  47.0 |      27 |      12 |  30.8
        D:9 |    1238 |     824 |  40.0 |      10 |       1 |   9.1
       D:10 |    4134 |    4970 |  54.6 |      32 |      51 |  61.4
       D:11 |    1799 |    1991 |  52.5 |      11 |      31 |  73.8
       D:12 |    3646 |    1764 |  32.6 |      19 |       7 |  26.9
       D:13 |    7325 |    2869 |  28.1 |      28 |       9 |  24.3
       D:14 |   14715 |       0 |   0.0 |      35 |       0 |   0.0
       D:15 |    6035 |    6642 |  52.4 |      21 |      11 |  34.4
     Lair:1 |    1629 |    3296 |  66.9 |      11 |      19 |  63.3
     Lair:2 |    4211 |       0 |   0.0 |      18 |       0 |   0.0
     Lair:3 |    3470 |    1327 |  27.7 |      14 |       8 |  36.4
     Lair:4 |    4925 |     824 |  14.3 |      15 |       1 |   6.2
     Lair:5 |   11608 |    3177 |  21.5 |      44 |      11 |  20.0
     Lair:6 |   12224 |   12151 |  49.9 |      37 |      47 |  56.0
    Snake:1 |   11866 |       0 |   0.0 |      29 |       0 |   0.0
    Snake:2 |   20503 |    1790 |   8.0 |      33 |       1 |   2.9
    Snake:3 |   27253 |   15398 |  36.1 |      45 |      17 |  27.4
    Snake:4 |   18015 |   33228 |  64.8 |      32 |      45 |  58.4
      Orc:1 |    2718 |       0 |   0.0 |      19 |       0 |   0.0
      Orc:2 |    2714 |    5807 |  68.1 |      37 |      53 |  58.9
      Elf:1 |    8316 |   16314 |  66.2 |      14 |      25 |  64.1
      Elf:2 |   13438 |   23653 |  63.8 |      20 |      29 |  59.2
      Elf:3 |   18126 |   37499 |  67.4 |      28 |      27 |  49.1
   Vaults:1 |   28193 |   10829 |  27.8 |      45 |      15 |  25.0
   Vaults:2 |   10553 |   35272 |  77.0 |      13 |      50 |  79.4
   Vaults:3 |   20897 |   42965 |  67.3 |      36 |      53 |  59.6
   Vaults:4 |   34976 |   69532 |  66.5 |      42 |      54 |  56.2
   Vaults:5 |   34023 |  129379 |  79.2 |      49 |      83 |  62.9
   Depths:1 |   61516 |    1012 |   1.6 |      71 |       1 |   1.4
   Depths:2 |   41359 |   40432 |  49.4 |      53 |      28 |  34.6
   Depths:3 |   39146 |    4605 |  10.5 |      53 |       1 |   1.9
   Depths:4 |   21276 |   39454 |  65.0 |      20 |      24 |  54.5
   Depths:5 |   49215 |   21863 |  30.8 |      59 |      17 |  22.4
            +---------+---------+-------+---------+---------+-------
